| TOP OF THE 1ST |
|
Dallas-Fort Worth Rangers batting - Pitching for Shreveport Braves : LHP Javier Cruc
|
|
Pitching: LHP Javier Cruc
|
|
|
Batting: RHB Phil Bradley
|
0-0: Called Strike 0-1: Ball 1-1: SINGLE (Line Drive, 8RS, EV 105.0 MPH)
|
|
Batting: LHB Stan Levi
|
0-0: Ball 1-0: Ground out 6-3 (Groundball, 6S, EV 71.3 MPH) Phil Bradley to second
|
|
Batting: RHB Terry Lee
|
0-0: Called Strike Phil Bradley steals 3rd base 0-1: Ball 1-1: Ball Passed Ball! Phil Bradley scores 2-1: Ball 3-1: Swinging Strike 3-2: Foul Ball, location: 2F 3-2: Foul Ball, location: 2F 3-2: Base on Balls
|
|
Batting: LHB Sid Bream
|
0-0: Called Strike 0-1: DOUBLE (Flyball, 78XD, EV 110.0 MPH) Terry Lee to third Runner from 3rd tries for Home, SAFE, throw by LF to home
|
|
Batting: RHB Dave Aponte
|
0-0: Ball 1-0: Ball 2-0: Called Strike 2-1: Ball Passed Ball! Sid Bream to third 3-1: Base on Balls
|
|
Batting: LHB Mo Ching
|
0-0: Called Strike 0-1: Swinging Strike 0-2: Strikes out looking
|
|
Batting: RHB Steve Nicosia
|
0-0: Called Strike 0-1: Foul Ball, location: 2F 0-2: Ball 1-2: Ball Passed Ball! Sid Bream scores Dave Aponte to second 2-2: Foul Ball, location: 2F 2-2: Ball 3-2: DOUBLE (Groundball, 5L, EV 105.6 MPH) Dave Aponte scores
|
|
Batting: LHB Garcia Gutierrez
|
0-0: Called Strike 0-1: Ground out 5-3 (Groundball, 15, EV 91.9 MPH)
|
| Top of the 1st over - 4 runs, 3 hits, 0 errors, 1 left on base; Dallas-Fort Worth 4 - Shreveport 0 |
| BOTTOM OF THE 1ST |
|
Shreveport Braves batting - Pitching for Dallas-Fort Worth Rangers : RHP Roy J Thomas
|
|
Pitching: RHP Roy J Thomas
|
|
|
Batting: LHB Rusty McNealy
|
0-0: Ball 1-0: Foul Ball, location: 2F 1-1: Ball 2-1: Ball 3-1: Base on Balls
|
|
Batting: LHB Robert Loscalzo
|
0-0: Ball 1-0: Ball 2-0: Ball 3-0: Called Strike 3-1: Swinging Strike 3-2: SINGLE (Line Drive, 89S, EV 93.8 MPH) Rusty McNealy to second Runner from 2nd tries for 3rd, SAFE, no throw by RF
|
|
Batting: SHB Sap Randall
|
0-0: Ball 1-0: Fielders Choice at 2nd, 5-4 (Groundball, 5, EV 105.6 MPH) Rusty McNealy scores
|
|
Batting: LHB Tracy Dophied
|
0-0: Ball 1-0: Ball 2-0: Ball 3-0: Called Strike 3-1: DOUBLE (Line Drive, 78D, EV 111.9 MPH) Sap Randall to third Runner from 3rd tries for Home, SAFE, no throw by LF
|
|
Batting: RHB Alfonso Gomez
|
0-0: Called Strike 0-1: Ball 1-1: Ball 2-1: Ball 3-1: Base on Balls
|
|
Batting: RHB Scott Ullger
|
0-0: Ball 1-0: Ball 2-0: Foul Ball, location: 2F 2-1: Swinging Strike 2-2: Strikes out looking
|
|
Batting: SHB Michael Lessard
|
0-0: Ball 1-0: Ball 2-0: Swinging Strike 2-1: Called Strike 2-2: Strikes out swinging
|
| Bottom of the 1st over - 2 runs, 2 hits, 0 errors, 2 left on base; Dallas-Fort Worth 4 - Shreveport 2 |
| TOP OF THE 2ND |
|
Dallas-Fort Worth Rangers batting - Pitching for Shreveport Braves : LHP Javier Cruc
|
|
Batting: RHB Ross Jones
|
0-0: Ball 1-0: Foul Ball, location: 2F 1-1: Foul Ball, location: 2F 1-2: Strikes out swinging
|
|
Batting: RHB Phil Bradley
|
0-0: Called Strike 0-1: Ball 1-1: Ground out 6-3 (Groundball, 6, EV 90.6 MPH)
|
|
Batting: LHB Stan Levi
|
0-0: Ball 1-0: Called Strike 1-1: Ball 2-1: Fly out, F9 (Flyball, 9LS, EV 91.3 MPH)
|
| Top of the 2nd over - 0 runs, 0 hits, 0 errors, 0 left on base; Dallas-Fort Worth 4 - Shreveport 2 |
| BOTTOM OF THE 2ND |
|
Shreveport Braves batting - Pitching for Dallas-Fort Worth Rangers : RHP Roy J Thomas
|
|
Batting: RHB Thomas Popovich
|
0-0: Ball 1-0: Foul Ball, location: 2F 1-1: Ball 2-1: Foul Ball, location: 2F 2-2: Foul Ball, location: 2F 2-2: Ball 3-2: Foul Ball, location: 2F 3-2: Reached on error, E5 (Groundball, 56S, EV 91.9 MPH)
|
|
Batting: RHB Jeff Matthews
|
0-0: Ball 1-0: Ground out 3-1 (Groundball, 34S, EV 89.4 MPH) Thomas Popovich to second
|
|
Batting: LHB Rusty McNealy
|
0-0: Ball 1-0: Ball 2-0: SINGLE (Line Drive, 8RM, EV 86.3 MPH) Thomas Popovich to third
|
|
Batting: LHB Robert Loscalzo
|
0-0: Called Strike 0-1: Ball 1-1: Ball 2-1: Ball 3-1: Fly out, F8 (Flyball, 8LXD, EV 102.5 MPH) Runner from 3rd tags up, SCORES, no throw by CF
|
|
Batting: SHB Sap Randall
|
0-0: Called Strike 0-1: Ball 1-1: Swinging Strike 1-2: Foul Ball, location: 2F 1-2: Foul Ball, location: 2F 1-2: Foul Ball, location: 2F 1-2: Fielders Choice at 2nd, 6-4 (Groundball, 6, EV 85.0 MPH)
|
| Bottom of the 2nd over - 1 run, 1 hit, 1 error, 1 left on base; Dallas-Fort Worth 4 - Shreveport 3 |
| TOP OF THE 3RD |
|
Dallas-Fort Worth Rangers batting - Pitching for Shreveport Braves : LHP Javier Cruc
|
|
Batting: RHB Terry Lee
|
0-0: SOLO HOME RUN (Flyball, 78XD, EV 96.9 MPH), Distance : 424 ft
|
|
Batting: LHB Sid Bream
|
0-0: Called Strike 0-1: Ball 1-1: Ball 2-1: Ball 3-1: Foul Ball, location: 2F 3-2: SINGLE (Flyball, 6MD, EV 86.9 MPH)
|
|
Batting: RHB Dave Aponte
|
0-0: Ball 1-0: Ball 2-0: Called Strike 2-1: Called Strike 2-2: Strikes out swinging
|
|
Batting: LHB Mo Ching
|
0-0: Called Strike 0-1: Ball 1-1: Called Strike 1-2: Fly out, F7 (Flyball, 7LS, EV 88.1 MPH)
|
|
Batting: RHB Steve Nicosia
|
0-0: SINGLE (Line Drive, 8LS, EV 99.4 MPH) Sid Bream to second
|
|
Batting: LHB Garcia Gutierrez
|
0-0: Foul Ball, location: 2F 0-1: Swinging Strike 0-2: Ground out U3 (Groundball, 34, EV 93.1 MPH)
|
| Top of the 3rd over - 1 run, 3 hits, 0 errors, 2 left on base; Dallas-Fort Worth 5 - Shreveport 3 |
| BOTTOM OF THE 3RD |
|
Shreveport Braves batting - Pitching for Dallas-Fort Worth Rangers : RHP Roy J Thomas
|
|
Batting: LHB Tracy Dophied
|
0-0: Ball 1-0: Ground out 4-3 (Groundball, 4, EV 110.0 MPH)
|
|
Batting: RHB Alfonso Gomez
|
0-0: Swinging Strike 0-1: SOLO HOME RUN (Flyball, 89XD, EV 101.9 MPH), Distance : 404 ft
|
|
Batting: RHB Scott Ullger
|
0-0: Ball 1-0: Ball 2-0: Ball 3-0: Called Strike 3-1: Called Strike 3-2: Foul Ball, location: 2F 3-2: Fly out, F4 (Popup, 3DF, EV 54.4 MPH)
|
|
Batting: SHB Michael Lessard
|
0-0: Ball 1-0: Ball 2-0: Called Strike 2-1: Ball 3-1: Called Strike 3-2: Foul Ball, location: 2F 3-2: Strikes out looking
|
| Bottom of the 3rd over - 1 run, 1 hit, 0 errors, 0 left on base; Dallas-Fort Worth 5 - Shreveport 4 |
| TOP OF THE 4TH |
|
Dallas-Fort Worth Rangers batting - Pitching for Shreveport Braves : LHP Javier Cruc
|
|
Batting: RHB Ross Jones
|
0-0: Swinging Strike 0-1: Ground out 4-3 (Groundball, 34, EV 99.4 MPH)
|
|
Batting: RHB Phil Bradley
|
0-0: Ball 1-0: Foul Ball, location: 2F 1-1: Called Strike 1-2: Foul Ball, location: 2F 1-2: Ball 2-2: Ball 3-2: Base on Balls
|
|
Batting: LHB Stan Levi
|
0-0: Ball 1-0: Foul Ball, location: 2F 1-1: Ball 2-1: Foul Ball, location: 2F 2-2: Foul Ball, location: 2F 2-2: Foul Ball, location: 2F 2-2: Fly out, F6 (Popup, 6M, EV 68.1 MPH)
|
|
Batting: RHB Terry Lee
|
0-0: Ball 1-0: Ball 2-0: Called Strike 2-1: Called Strike 2-2: Foul Ball, location: 2F Pickoff Throw to First - Error! E1 Phil Bradley to second 2-2: Foul Ball, location: 2F 2-2: Strikes out swinging
|
| Top of the 4th over - 0 runs, 0 hits, 1 error, 1 left on base; Dallas-Fort Worth 5 - Shreveport 4 |
| BOTTOM OF THE 4TH |
|
Shreveport Braves batting - Pitching for Dallas-Fort Worth Rangers : RHP Roy J Thomas
|
|
Batting: RHB Thomas Popovich
|
0-0: Ball 1-0: Swinging Strike 1-1: Ground out 4-3 (Groundball, 34, EV 83.1 MPH)
|
|
Batting: RHB Jeff Matthews
|
0-0: Ball 1-0: Called Strike 1-1: Ball 2-1: Swinging Strike 2-2: Strikes out swinging
|
|
Batting: LHB Rusty McNealy
|
0-0: Ball 1-0: Fly out, F7 (Flyball, 7LM, EV 91.3 MPH)
|
| Bottom of the 4th over - 0 runs, 0 hits, 0 errors, 0 left on base; Dallas-Fort Worth 5 - Shreveport 4 |
| TOP OF THE 5TH |
|
Dallas-Fort Worth Rangers batting - Pitching for Shreveport Braves : LHP Javier Cruc
|
|
Batting: LHB Sid Bream
|
0-0: Called Strike 0-1: Ball 1-1: Ball 2-1: Swinging Strike 2-2: Foul Ball, location: 2F 2-2: Foul Ball, location: 2F 2-2: Ball 3-2: Foul Ball, location: 2F 3-2: Ground out U3 (Groundball, 34, EV 77.5 MPH)
|
|
Batting: RHB Dave Aponte
|
0-0: Ball 1-0: Ball 2-0: Fly out, F8 (Flyball, 8RXD, EV 97.5 MPH)
|
|
Batting: LHB Mo Ching
|
0-0: Ball 1-0: Called Strike 1-1: Ball 2-1: Ball 3-1: Ground out 4-3 (Groundball, 4, EV 89.4 MPH)
|
| Top of the 5th over - 0 runs, 0 hits, 0 errors, 0 left on base; Dallas-Fort Worth 5 - Shreveport 4 |
| BOTTOM OF THE 5TH |
|
Shreveport Braves batting - Pitching for Dallas-Fort Worth Rangers : RHP Roy J Thomas
|
|
Batting: LHB Robert Loscalzo
|
0-0: Foul Ball, location: 2F 0-1: Ball 1-1: Swinging Strike 1-2: Ball 2-2: Ball 3-2: Strikes out swinging
|
|
Batting: SHB Sap Randall
|
0-0: Fly out, F9 (Flyball, 9LS, EV 90.6 MPH)
|
|
Batting: LHB Tracy Dophied
|
0-0: Ball 1-0: Called Strike 1-1: Foul Ball, location: 2F 1-2: Strikes out looking
|
| Bottom of the 5th over - 0 runs, 0 hits, 0 errors, 0 left on base; Dallas-Fort Worth 5 - Shreveport 4 |
| TOP OF THE 6TH |
|
Dallas-Fort Worth Rangers batting - Pitching for Shreveport Braves : LHP Javier Cruc
|
|
Pitching: LHP Stan Hawkins
|
|
|
Batting: RHB Steve Nicosia
|
0-0: SOLO HOME RUN (Flyball, 7D, EV 94.4 MPH), Distance : 386 ft
|
|
Batting: LHB Garcia Gutierrez
|
0-0: Swinging Strike 0-1: Ball 1-1: Foul Ball, location: 2F 1-2: Strikes out swinging
|
|
Batting: RHB Ross Jones
|
0-0: Ball 1-0: Ball 2-0: Foul Ball, location: 2F 2-1: Ball 3-1: Base on Balls
|
|
Batting: RHB Phil Bradley
|
0-0: Ball 1-0: Ball 2-0: Ball 3-0: Called Strike 3-1: Swinging Strike 3-2: Base on Balls Ross Jones to second
|
|
Batting: LHB Stan Levi
|
0-0: Called Strike 0-1: Swinging Strike 0-2: Ball 1-2: Ball 2-2: Ball 3-2: Ground out 4-3 (Groundball, 4S, EV 73.1 MPH) Ross Jones to third Phil Bradley to second
|
|
Batting: RHB Terry Lee
|
0-0: Ball 1-0: SINGLE (Groundball, 56D, EV 101.9 MPH) Ross Jones scores Phil Bradley to third Runner from 3rd tries for Home, SAFE, throw by LF to home Terry Lee to second
|
|
Pitching: RHP Cecilio Guante
|
|
|
Batting: LHB Sid Bream
|
0-0: Ball 1-0: Called Strike 1-1: Foul Ball, location: 2F 1-2: Ball 2-2: Foul Ball, location: 2F 2-2: SINGLE (Line Drive, 89M, EV 106.9 MPH) Terry Lee to third Runner from 3rd tries for Home, SAFE, throw by RF to home
|
|
Batting: RHB Dave Aponte
|
0-0: Fielders Choice at 2nd, 6-4 (Groundball, 6, EV 84.4 MPH)
|
| Top of the 6th over - 4 runs, 3 hits, 0 errors, 1 left on base; Dallas-Fort Worth 9 - Shreveport 4 |
| BOTTOM OF THE 6TH |
|
Shreveport Braves batting - Pitching for Dallas-Fort Worth Rangers : RHP Roy J Thomas
|
|
Batting: RHB Alfonso Gomez
|
0-0: Ball 1-0: DOUBLE (Flyball, 8RXD, EV 107.5 MPH)
|
|
Batting: RHB Scott Ullger
|
0-0: Ground out 5-3 (Groundball, 56, EV 84.4 MPH)
|
|
Batting: SHB Michael Lessard
|
0-0: Ball 1-0: Ball 2-0: Ball Wild Pitch! Alfonso Gomez to third 3-0: Base on Balls
|
|
Batting: RHB Thomas Popovich
|
0-0: Foul Ball, location: 2F 0-1: Foul Ball, location: 2F 0-2: Strikes out looking
|
|
Batting: RHB Jeff Matthews
|
0-0: Called Strike 0-1: Ball 1-1: Foul Ball, location: 2F 1-2: Strikes out swinging passed ball, reaches first! Alfonso Gomez scores Michael Lessard to second
|
|
Batting: LHB Rusty McNealy
|
0-0: Ball 1-0: Ball 2-0: Swinging Strike 2-1: Foul Ball, location: 2F 2-2: Strikes out swinging
|
| Bottom of the 6th over - 1 run, 1 hit, 0 errors, 2 left on base; Dallas-Fort Worth 9 - Shreveport 5 |
| TOP OF THE 7TH |
|
Dallas-Fort Worth Rangers batting - Pitching for Shreveport Braves : RHP Cecilio Guante
|
|
Batting: LHB Mo Ching
|
0-0: Called Strike 0-1: Swinging Strike 0-2: Ball 1-2: Strikes out swinging
|
|
Batting: RHB Steve Nicosia
|
0-0: Ball 1-0: Ball 2-0: Ball 3-0: Called Strike 3-1: Foul Ball, location: 2F 3-2: Base on Balls
|
|
Batting: LHB Garcia Gutierrez
|
0-0: Called Strike 0-1: Called Strike 0-2: Ball 1-2: Ball 2-2: Foul Ball, location: 2F 2-2: Fly out, F9 (Flyball, 9D, EV 90.0 MPH)
|
|
Batting: RHB Ross Jones
|
0-0: Ball 1-0: Ball Passed Ball! Steve Nicosia to second 2-0: Called Strike 2-1: Hit by Pitch
|
|
Batting: RHB Phil Bradley
|
0-0: Foul Ball, location: 2F Balk! Steve Nicosia to third Ross Jones to second 0-1: Swinging Strike 0-2: Ball 1-2: Fly out, F4 (Popup, 4M, EV 74.4 MPH)
|
| Top of the 7th over - 0 runs, 0 hits, 0 errors, 2 left on base; Dallas-Fort Worth 9 - Shreveport 5 |
| BOTTOM OF THE 7TH |
|
Shreveport Braves batting - Pitching for Dallas-Fort Worth Rangers : RHP Roy J Thomas
|
|
Batting: LHB Robert Loscalzo
|
0-0: Ball 1-0: Called Strike 1-1: Ball 2-1: Ball 3-1: DOUBLE (Line Drive, 8LD, EV 106.9 MPH)
|
|
Batting: SHB Sap Randall
|
0-0: Called Strike 0-1: Called Strike 0-2: Foul Ball, location: 2F 0-2: Foul Ball, location: 2F 0-2: Ball 1-2: Ball 2-2: Foul Ball, location: 2F 2-2: Ground out U3 (Groundball, 34S, EV 86.9 MPH) Robert Loscalzo to third
|
|
Batting: LHB Tracy Dophied
|
0-0: Called Strike 0-1: Ball 1-1: DOUBLE (Line Drive, 7LS, EV 105.6 MPH) Robert Loscalzo scores
|
|
Pitching: RHP Randy McGilberry
|
|
|
Batting: RHB Alfonso Gomez
|
0-0: Ball 1-0: Fly out, F9 (Flyball, 9D, EV 109.4 MPH) Runner from 2nd tags up, SAFE at 3rd, no throw by RF
|
|
Batting: RHB Scott Ullger
|
0-0: Ball 1-0: Ball 2-0: Ball 3-0: Called Strike 3-1: Base on Balls
|
|
Batting: SHB Michael Lessard
|
0-0: Ball 1-0: SINGLE (Flyball, 8LS, EV 93.1 MPH) Tracy Dophied scores Scott Ullger to second
|
|
Pinch Hitting: LHB Mark Lucas
|
0-0: Called Strike 0-1: Fly out, F8 (Flyball, 8LD, EV 98.1 MPH)
|
| Bottom of the 7th over - 2 runs, 3 hits, 0 errors, 2 left on base; Dallas-Fort Worth 9 - Shreveport 7 |
| TOP OF THE 8TH |
|
Dallas-Fort Worth Rangers batting - Pitching for Shreveport Braves : RHP Cecilio Guante
|
|
Now at 3B: Mark Lucas
|
|
|
Batting: LHB Stan Levi
|
0-0: Called Strike 0-1: Ball 1-1: Called Strike 1-2: Foul Ball, location: 2F 1-2: Foul Ball, location: 2F 1-2: Ball 2-2: Hit by Pitch
|
|
Batting: RHB Terry Lee
|
0-0: Ball Stan Levi steals 2nd base 1-0: Called Strike 1-1: Ball Passed Ball! Stan Levi to third 2-1: Fly out, F6 (Popup, 6M, EV 56.3 MPH)
|
|
Batting: LHB Sid Bream
|
0-0: Intentional Walk
|
|
Pitching: RHP Albert Paglione
|
|
|
Batting: RHB Dave Aponte
|
0-0: Ground out 5-3 (Groundball, 5, EV 86.9 MPH) Sid Bream to second
|
|
Batting: LHB Mo Ching
|
0-0: Intentional Walk
|
|
Batting: RHB Steve Nicosia
|
0-0: Ball 1-0: Foul Ball, location: 2F 1-1: Ball 2-1: Ball 3-1: Ground out 5-3 (Groundball, 5S, EV 91.9 MPH)
|
| Top of the 8th over - 0 runs, 0 hits, 0 errors, 3 left on base; Dallas-Fort Worth 9 - Shreveport 7 |
| BOTTOM OF THE 8TH |
|
Shreveport Braves batting - Pitching for Dallas-Fort Worth Rangers : RHP Randy McGilberry
|
|
Batting: RHB Jeff Matthews
|
0-0: Ball 1-0: Foul Ball, location: 2F 1-1: Ball 2-1: Reached on error, E4 (Groundball, 4, EV 92.5 MPH)
|
|
Batting: LHB Rusty McNealy
|
0-0: Ball 1-0: Ball 2-0: Called Strike 2-1: Called Strike 2-2: SINGLE (Groundball, 6D, EV 95.0 MPH) Jeff Matthews to second
|
|
Pitching: RHP Tom McGough
|
|
|
Batting: LHB Robert Loscalzo
|
0-0: DOUBLE (Flyball, 8RXD, EV 100.6 MPH) Jeff Matthews scores Rusty McNealy to third
|
|
Batting: SHB Sap Randall
|
0-0: Ground out 4-3 (Groundball, 34, EV 86.9 MPH)
|
|
Batting: LHB Tracy Dophied
|
0-0: Called Strike 0-1: Ball 1-1: Called Strike 1-2: Ball 2-2: Foul Ball, location: 2F 2-2: Ball 3-2: Foul Ball, location: 2F 3-2: Strikes out looking
|
|
Batting: RHB Alfonso Gomez
|
0-0: Ball 1-0: Ball 2-0: Swinging Strike 2-1: Foul Ball, location: 2F 2-2: Ball 3-2: Base on Balls
|
|
Batting: RHB Scott Ullger
|
0-0: Ball 1-0: Called Strike 1-1: Ball 2-1: Ball 3-1: Ground out 5-3 (Groundball, 5S, EV 71.3 MPH)
|
| Bottom of the 8th over - 1 run, 2 hits, 1 error, 3 left on base; Dallas-Fort Worth 9 - Shreveport 8 |
| TOP OF THE 9TH |
|
Dallas-Fort Worth Rangers batting - Pitching for Shreveport Braves : RHP Albert Paglione
|
|
Batting: LHB Garcia Gutierrez
|
0-0: Foul Ball, location: 2F 0-1: Swinging Strike 0-2: Fly out, F8 (Flyball, 8RM, EV 79.4 MPH)
|
|
Batting: RHB Ross Jones
|
0-0: Called Strike 0-1: Ball 1-1: Foul Ball, location: 2F 1-2: Ball 2-2: Ball 3-2: SINGLE (Groundball, 6MD, EV 105.6 MPH)
|
|
Batting: RHB Phil Bradley
|
0-0: Ball 1-0: Foul Ball, location: 2F 1-1: Ground out 6-3 (Groundball, 6MS, EV 78.8 MPH) Ross Jones to second
|
|
Batting: LHB Stan Levi
|
0-0: Intentional Walk
|
|
Batting: RHB Terry Lee
|
0-0: Ball Passed Ball! Ross Jones to third Stan Levi to second 1-0: Foul Ball, location: 2F 1-1: Foul Ball, location: 2F 1-2: Ground out 4-3 (Groundball, 4, EV 98.8 MPH)
|
| Top of the 9th over - 0 runs, 1 hit, 0 errors, 2 left on base; Dallas-Fort Worth 9 - Shreveport 8 |
| BOTTOM OF THE 9TH |
|
Shreveport Braves batting - Pitching for Dallas-Fort Worth Rangers : RHP Tom McGough
|
|
Pitching: RHP Luis Cardenas
|
|
|
Batting: SHB Michael Lessard
|
0-0: SINGLE (Groundball, 4MS, EV 71.3 MPH) (infield hit)
|
|
Batting: LHB Mark Lucas
|
0-0: Sac Bunt to 13S - play at first, batter OUT! 1-4 Michael Lessard to second
|
|
Pinch Hitting: LHB Ronald Walker
|
0-0: Ball 1-0: Ground out 5-3 (Groundball, 56, EV 78.1 MPH)
|
|
Batting: LHB Rusty McNealy
|
0-0: Swinging Strike 0-1: Called Strike 0-2: Ball 1-2: Fly out, F9 (Flyball, 9LS, EV 84.4 MPH)
|
| Bottom of the 9th over - 0 runs, 1 hit, 0 errors, 1 left on base; Dallas-Fort Worth 9 - Shreveport 8 |
|